Map: Iron Fortress LE (Void)

Players

ShoWTimE

  • Race: Protoss Protoss

Wintersc2 (Winter) - Winner!

  • Race: Zerg Zerg

VOD

Have the link to the VOD?

Description

Time

  • Played on: April 8, 2015, 2:29 p.m.
  • Length: 12:28
Show
View Real Time Build Order
Export as new Build Order

ShoWTimE Protoss 

Build Orders:  

Get SALT Encoding   

  12  0:00  Probe  
  13  0:13  Pylon  
  13  0:17  Probe  
  14  0:31  Gateway  
  14  0:34  Probe (Chrono Boost)  
  15  0:44  Probe (Chrono Boost)  
  15  0:45  Assimilator  
  16  0:52  Assimilator  
  16  0:55  Probe  
  17  1:07  Probe  
  17  1:10  Pylon  
  18  1:18  Cybernetics Core  
  18  1:20  Probe  
  19  1:32  Probe (Chrono Boost)  
  20  1:44  Probe (Chrono Boost)  
  21  1:50  Probe (Chrono Boost)  
  22  2:04  Nexus  
  22  2:08  Mothership Core (Chrono Boost)  
  24  2:15  Warp Gate  
  24  2:18  Stalker  
  24  2:22  Probe (Chrono Boost)  
  27  2:31  Pylon  
  27  2:34  Probe (Chrono Boost)  
  28  2:46  Probe (Chrono Boost)  
  29  2:54  Sentry, Probe (Chrono Boost)  
  29  2:58  Robotics Facility  
  32  3:03  Probe (Chrono Boost)  
  33  3:14  Forge  
  33  3:15  Probe (Chrono Boost)  
  35  3:20  Probe (Chrono Boost)  
  35  3:22  Probe (Chrono Boost)  
  36  3:32  Probe (Chrono Boost)  
  38  3:34  Probe (Chrono Boost)  
  38  3:35  Gateway  
  38  3:39  Probe (Chrono Boost)  
  38  3:41  Sentry, Probe (Chrono Boost)  
  42  3:45  Observer  
  43  3:49  Probe (Chrono Boost)  
  43  3:53  Probe (Chrono Boost)  
  43  3:54  Pylon  
  45  3:59  Probe (Chrono Boost)  
  45  4:00  Probe (Chrono Boost)  
  47  4:06  Probe  
  47  4:09  Robotics Bay  
  48  4:10  Probe  
  48  4:16  Assimilator  
  49  4:18  Probe, Assimilator  
  49  4:22  Probe  
  49  4:23  Protoss Ground Weapons Level 1  
  51  4:24  Pylon  
  51  4:31  Probe, Warp Prism (Chrono Boost)  
  52  4:34  Probe  
  55  4:40  Pylon  
  55  4:43  Probe  
  56  4:48  Gateway  
  56  4:49  Probe  
  57  5:06  Stalker, Zealot  
  65  5:07  Disruptor (Chrono Boost)  
  65  5:11  Photon Cannon  
  65  5:12  Pylon  
  65  5:28  Probe x2  
  65  5:32  Pylon  
  71  5:48  Disruptor (Chrono Boost)  
  71  5:51  Pylon  
  71  5:52  Gateway  
  71  5:54  Stalker, Gateway  
  71  5:55  Stalker, Zealot  
  77  5:58  Disruptor  
  77  6:06  Nexus  
  81  6:18  Probe x2  
  81  6:20  Pylon  
  81  6:21  Disruptor (Chrono Boost), Zealot x3  
  81  6:25  Photon Cannon  
  89  6:29  Twilight Council, Disruptor  
  89  6:30  Probe  
  90  6:36  Probe, Disruptor  
  90  6:38  Photon Cannon  
  91  6:45  Zealot x3  
  97  6:47  Disruptor  
  97  6:48  Probe  
  97  6:52  Probe  
  99  7:00  Disruptor  
  99  7:01  Probe  
  103  7:03  Disruptor (Chrono Boost)  
  103  7:04  Probe  
  103  7:07  Stalker  
  99  7:13  Probe, Disruptor  
  91  7:22  Probe  
  86  7:26  Stalker, Zealot  
  86  7:28  Probe  
  70  7:31  Probe  
  70  7:34  Probe  
  64  7:39  Zealot  
  66  7:44  Probe x2  
  66  7:45  Disruptor (Chrono Boost)  
  66  7:46  Probe, Disruptor  
  66  7:51  Stalker x2  
  71  7:53  Disruptor  
  71  7:56  Probe  
  71  7:59  Zealot  
  71  8:00  Zealot x2  
  78  8:21  Disruptor (Chrono Boost)  
  78  8:25  Sentry x2  
  82  8:31  Disruptor  
  73  8:34  Zealot x3  
  70  8:52  Zealot x2  
  70  8:55  Disruptor (Chrono Boost)  
  78  8:56  Zealot x2  
  78  8:57  Zealot  
  80  9:14  Stalker  
  80  9:15  Stalker  
  80  9:16  Disruptor  
  68  9:24  Stalker x2  
  72  9:36  Nexus  
  76  9:38  Disruptor  
  76  9:42  Pylon  
  76  9:45  Disruptor (Chrono Boost)  
  74  9:53  Disruptor  
  74  9:54  Zealot x2  
  74  9:55  Stalker x2, Zealot  
  71  10:17  Stalker, Disruptor (Chrono Boost)  
  71  10:18  Zealot  
  75  10:23  Pylon  
  75  10:24  Pylon  
  75  10:25  Disruptor  
  75  10:26  Disruptor, Pylon  
  75  10:41  Stalker  
  75  10:42  Stalker x4  
  83  10:48  Probe x3  
  83  10:49  Disruptor  
  86  10:50  Disruptor  
  86  11:00  Probe  
  83  11:06  Stalker  
  83  11:07  Stalker, Zealot x2  
  84  11:14  Disruptor  
  80  11:23  Disruptor (Chrono Boost)  
  79  11:27  Disruptor  
  79  11:31  Stalker x2  
  75  11:46  Disruptor  
  57  12:16  Nexus  
  57  12:18  Pylon  
  55  12:23  Stalker x2  
Show
View Real Time Build Order
Export as new Build Order

Wintersc2 Zerg - Winner!

Build Orders: Hatch First 

Get SALT Encoding   

  12  0:02  Drone  
  13  0:16  Overlord  
  13  0:20  Drone  
  14  0:35  Drone x2  
  16  0:39  Drone  
  17  0:56  Drone  
  18  1:06  Drone  
  18  1:08  Hatchery  
  18  1:12  Drone  
  18  1:15  Extractor  
  18  1:18  Spawning Pool  
  18  1:22  Drone  
  18  1:34  Overlord  
  18  1:55  Drone x2  
  20  2:12  Queen  
  22  2:25  Metabolic Boost  
  22  2:27  Queen  
  22  2:28  Drone x3  
  22  2:29  Zergling x2  
  28  2:41  Drone x2  
  30  2:45  Drone  
  31  3:00  Drone x2  
  33  3:08  Overlord  
  33  3:16  Drone x2  
  33  3:17  Drone  
  36  3:29  Hatchery  
  36  3:31  Drone x3  
  36  3:32  Drone x3  
  40  3:41  Drone  
  40  3:42  Drone  
  40  3:43  Roach Warren  
  41  3:52  Overlord x2  
  41  3:57  Lair  
  41  3:58  Evolution Chamber  
  41  4:00  Drone x3  
  41  4:02  Overlord  
  43  4:04  Overlord, Extractor  
  43  4:06  Extractor  
  41  4:15  Overlord  
  41  4:16  Extractor  
  40  4:18  Drone x3  
  40  4:19  Drone x2, Overlord  
  40  4:22  Drone  
  46  4:25  Zerg Missile Weapons Level 1  
  46  4:29  Drone  
  47  4:35  Spore Crawler  
  46  4:43  Queen  
  46  4:44  Drone x7  
  55  4:48  Drone  
  56  4:56  Glial Reconstitution  
  56  5:00  Evolution Chamber  
  56  5:01  Roach x3  
  56  5:04  Roach  
  63  5:13  Drone x2  
  65  5:14  Roach x3  
  71  5:21  Ravager  
  71  5:22  Ravager x2  
  74  5:30  Drone x2  
  74  5:31  Drone  
  74  5:34  Roach x6  
  89  5:37  Ravager  
  89  5:40  Overlord x2  
  90  5:47  Overlord  
  90  5:52  Overlord  
  90  5:55  Overlord  
  90  5:59  Ravager x4  
  90  6:00  Ravager  
  97  6:04  Roach  
  97  6:05  Drone x4  
  97  6:06  Overlord  
  97  6:09  Roach  
  97  6:10  Roach  
  105  6:20  Roach x2  
  105  6:21  Roach x3  
  119  6:32  Roach x2  
  109  6:41  Roach x6  
  109  6:43  Overlord  
  109  6:47  Spine Crawler x2  
  120  6:48  Spore Crawler  
  120  6:53  Ravager  
  119  6:54  Roach  
  119  6:58  Roach  
  110  7:09  Roach  
  110  7:15  Roach  
  104  7:19  Roach x2  
  104  7:20  Roach  
  108  7:23  Roach  
  108  7:25  Roach x2  
  108  7:27  Roach  
  108  7:29  Roach  
  102  7:30  Roach  
  102  7:32  Roach x2  
  86  7:37  Roach x2  
  86  7:41  Roach  
  90  7:47  Roach x2  
  90  7:52  Roach  
  90  7:57  Roach  
  92  8:00  Roach  
  92  8:05  Drone x2  
  91  8:24  Drone  
  91  8:25  Ravager  
  93  8:33  Ravager x2  
  80  8:34  Drone x2  
  80  8:35  Drone x3  
  80  8:37  Roach  
  80  8:40  Roach x2  
  85  8:41  Ravager  
  85  8:46  Drone x2  
  85  8:53  Extractor x2  
  85  8:54  Roach  
  85  8:55  Ravager  
  86  8:59  Roach  
  86  9:01  Roach  
  88  9:03  Roach  
  88  9:08  Roach  
  88  9:09  Roach  
  89  9:10  Roach  
  89  9:11  Roach  
  89  9:14  Roach  
  89  9:15  Roach  
  89  9:16  Roach  
  86  9:23  Drone  
  83  9:31  Ravager x2  
  83  9:35  Roach x2  
  83  9:36  Ravager x2  
  83  9:38  Drone x2  
  86  9:43  Ravager  
  86  9:44  Drone x3  
  91  9:46  Drone  
  88  9:58  Roach  
  88  9:59  Roach  
  83  10:00  Roach  
  83  10:02  Roach  
  83  10:05  Roach x5  
  101  10:07  Roach x2  
  101  10:09  Roach  
  103  10:17  Roach x6  
  103  10:18  Roach x2  
  112  10:22  Drone  
  113  10:31  Ravager  
  113  10:33  Roach x2  
  113  10:35  Roach  
  113  10:36  Roach x2  
  113  10:37  Hatchery  
  113  10:43  Roach  
  113  10:44  Ravager x3  
  113  10:48  Roach x2  
  122  11:01  Roach x2  
  112  11:05  Roach x2  
  112  11:07  Roach  
  112  11:09  Roach  
  120  11:11  Ravager x2  
  120  11:12  Roach  
  122  11:18  Roach  
  122  11:19  Roach x2  
  122  11:23  Roach  
  116  11:29  Roach x2  
  116  11:31  Ravager, Roach  
  116  11:32  Drone x2, Ravager  
  112  11:41  Roach x2  
  112  11:42  Roach  
  112  11:43  Roach  
  112  11:44  Roach x2  
  112  11:45  Ravager  
  123  11:56  Roach x8  
  123  11:59  Roach  
  139  12:04  Drone, Roach  
  139  12:05  Ravager  
  139  12:06  Drone  
Tags
 
Add a new tag
Caveats
  • Supply blocks, unpowered buildings, or Contaminate may cause inaccurate times.
  • Supply counts are checked every 10 seconds.